 Dungeon Crawl Stone Soup version 0.31-a0-219-g8d62b2e7bb (webtiles) character file.

Game seed: 14165028528375542956

36 qw the Shooter (level 3, -4/29 HPs)
             Began as a Minotaur Hexslinger on July 3, 2023.
             Slain by Natasha (7 damage)
             ... on level 1 of the Dungeon.
             The game lasted 00:00:22 (988 turns).

qw the Shooter (Minotaur Hexslinger)                 Turns: 988, Time: 00:00:23

Health: -4/29      AC:  4    Str: 12    XL:     3   Next: 19%
Magic:  3/3        EV: 12    Int: 10    God:
Gold:   85         SH:  0    Dex: 14    Spells: 3/4 levels left

rFire   . . .        Y - +1 sling
rCold   . . .        (no shield)
rNeg    . . .        j - +0 leather armour
rPois   .            (helmet restricted)
rElec   .            (no cloak)
rCorr   .            (no gloves)
SInv    .            h - +0 pair of boots
Will    .....        (no amulet)
Stlth   +            (no ring)
HPRegen 0.24/turn    (no ring)
MPRegen 0.08/turn

%: no passive effects
@: no status effects
A: horns 2, retaliatory headbutt
a: no special abilities


You were on level 1 of the Dungeon.
You visited 1 branch of the dungeon, and saw 2 of its levels.

You collected 85 gold pieces.


Innate Abilities, Weirdness & Mutations

You have a pair of horns on your head.
You reflexively headbutt those who attack you in melee.


   Skills:
 - Level 2.0 Fighting
 + Level 3.8 Ranged Weapons
 - Level 2.1 Dodging
 - Level 1.0 Spellcasting
 - Level 2.0 Hexes


You had 3 spell levels left.
You knew the following spells:

 Your Spells              Type           Power      Damage    Failure   Level
a - Slow                  Hex            16%        N/A       19%         1

Your spell library contained the following spells:

 Spells                   Type           Power      Damage    Failure   Level
 Inner Flame              Hex/Fire       2%         N/A       65%         3
 Portal Projectile        Hex/Tloc       4%         N/A       65%         3
 Cause Fear               Hex            2%         N/A       88%         4

Inventory:

Hand Weapons
 Y - a +1 sling (weapon)
Armour
 h - a +0 pair of boots (worn)
 j - a +0 leather armour (worn)
Scrolls
 a - a scroll of identify
Potions
 d - a potion of haste
 e - a potion of lignification {unknown}
 f - a potion of curing {unknown}
 g - a potion of brilliance {unknown}

Dungeon Overview and Level Annotations

Branches:
Dungeon (2/15)

Altars:

Annotations:
D:1 Natasha


Message History

Waypoint 1 assigned to D:2.
You shoot a sling bullet. The sling bullet hits the quokka.
The quokka is moderately wounded.
The kobold shouts!
The adder hisses angrily.
You shoot a sling bullet.
The sling bullet barely misses the quokka.
The sling bullet closely misses the kobold.
The quokka bites you.
You shoot a sling bullet.
The sling bullet closely misses the quokka.
The sling bullet hits the adder.
The adder is lightly wounded.
The quokka completely misses you.
Natasha stares at you and mumbles some strange words.
The magic dart hits you! The kobold closely misses you. The quokka bites you.
Natasha misses you.
983 ||| STAIRDANCE The kobold closely misses you.
The quokka closely misses you. Natasha claws you.
You climb upwards.
There is a stone staircase leading down here.
Enter note:
Enter note:
Enter note:
Enter note: You shoot a sling bullet.
The sling bullet hits the quokka.
You kill the quokka!
The kobold completely misses you. You furiously retaliate!
You headbutt the kobold!
You kill the kobold!
Natasha claws you.
You shoot a sling bullet. The sling bullet misses Natasha.
Natasha barely misses you.
You shoot a sling bullet.
The sling bullet closely misses Natasha.
Natasha stares at you and mumbles some strange words.
The magic dart hits you. Natasha claws you.
You shoot a sling bullet. The sling bullet hits Natasha!
Natasha is heavily wounded.
Natasha claws you!
You die...

#.# # #.# #
############.# #
######.........##.# #
#..............##.# #
#..............##.# #
#..............##.# #
#..h...##########.###
#...@.............)..
#....)..#############
#.......## #########
#........####...##...
#......#....'....'...
#########.###..%##...
#%# #...##...
#####%###...#####
#...........#


You could see Natasha.

Vanquished Creatures
  A dart slug (D:1)
  5 ball pythons (D:1)
  2 endoplasms (D:1)
  A giant cockroach (D:1)
  6 goblins (D:1)
  2 hobgoblins (D:1)
  4 quokkas (D:1)
  5 bats (D:1)
  A frilled lizard (D:1)
  A kobold (D:1)
  2 rats (D:1)
30 creatures vanquished.

Notes
Turn   | Place    | Note
-------+----------+-------------------------------------------
     0 | D:1      | qw the Minotaur Hexslinger began the quest for the Orb.
     0 | D:1      | Reached XP level 1. HP: 16/16 MP: 1/1
     0 | D:1      | 0 ||| qw: Version: 0.3-a-40-ge99b1a8
     0 | D:1      | 0 ||| qw: Game counter: 359
     0 | D:1      | 0 ||| qw: Melee chars always use a shield: true
     0 | D:1      | 0 ||| qw: God list: Okawaru
     0 | D:1      | 0 ||| qw: Allow faded altars: false
     0 | D:1      | 0 ||| qw: Do Orc after clearing Dungeon:15 true
     0 | D:1      | 0 ||| qw: Do second Lair branch before Depths: true
     0 | D:1      | 0 ||| qw: Lair rune preference: random
     0 | D:1      | 0 ||| qw: Goals: Normal
     0 | D:1      | 0 ||| PLANNING D:1-11
   181 | D:1      | Reached skill level 3 in Ranged Weapons
   191 | D:1      | Reached XP level 2. HP: 23/23 MP: 2/2
   844 | D:1      | Reached XP level 3. HP: 29/29 MP: 3/3
   848 | D:1      | 848 ||| FLEEEEING.
   853 | D:1      | 853 ||| FLEEEEING.
   854 | D:1      | 854 ||| FLEEEEING.
   936 | D:1      | 936 ||| UPGRADING to +0 pair of boots.
   941 | D:1      | 941 ||| UPGRADING to +0 leather armour.
   951 | D:1      | 951 ||| DROPPING +0 robe.
   952 | D:1      | 952 ||| READING 3 scrolls labelled MIUFUD RESO.
   953 | D:1      | 953 ||| READING 2 scrolls of identify.
   953 | D:1      | 953 ||| IDENTIFYING golden potion
   954 | D:1      | 954 ||| DROPPING scroll of poison.
   979 | D:2      | Noticed Natasha
   983 | D:2      | 983 ||| STAIRDANCE
   987 | D:1      | HP: 3/29 [Natasha (5)]
   988 | D:1      | Slain by Natasha

Levels and vault maps discovered:
D:1:      dpeg_arrival_boxes_within_box, layout_basic
D:2:      layout_basic, hellmonk_ecumenical_altar_pennies_from_heaven,
          uniq_crazy_yiuf_cottage, uniq_natasha

Skill      XL: |  1  2 |
---------------+-------+-----
Ranged Weapons | 3 |  3.8
Fighting       | 2 |  2.0
Dodging        | |  2.1
Spellcasting   | |  1.0
Hexes          | |  2.0

Action                     || total
---------------------------++-------
   Fire: Sling             ||    87
    Use: Scroll            ||     2
 Armour: Robe              ||     5
  Dodge: Dodged            ||    40

Table legend:
 A = Non-vault XP
 B = Vault XP
 C = Vault XP percentage of total XP
 D = Non-vault monster count
 E = Vault monster count
 F = Vault count percentage of total count
                 A         B        C        D         E       F
            +---------+---------+-------+---------+---------+-------
      Total |      52 |       0 |   0.0 |      30 |       0 |   0.0
            +---------+---------+-------+---------+---------+-------
        D:1 |      52 |       0 |   0.0 |      30 |       0 |   0.0
            +---------+---------+-------+---------+---------+-------
